 Dungeon Crawl Stone Soup version 0.26.0-10-g1f06aea511 (webtiles) character file.

Game seed: 8863890740977137466

2267 Borgoz the Slasher (level 9, -1/75 HPs)
             Began as a Ghoul Gladiator on Jan 15, 2021.
             Was a Follower of Ashenzari.
             Slain by a lemure (7 damage)
             ... led by Pikel
             ... on level 7 of the Dungeon.
             The game lasted 00:10:40 (5845 turns).

Borgoz the Slasher (Ghoul Gladiator)                Turns: 5845, Time: 00:10:41

Health: -1/75      AC: 15    Str: 18    XL:     9   Next: 38%
Magic:  8/8        EV:  7    Int:  3    God:    Ashenzari [*.....]
Gold:   427        SH:  3    Dex: 15    Spells: 8/8 levels left

rFire    . . .     SeeInvis .   a - +2 long sword
rCold    + + .     Faith    .   b - +0 buckler
rNeg     + + +     Spirit   .   y - +0 plate armour of Disappointment {rC+ Dex+2} (curse)
rPois    ∞         Reflect  .   c - +0 helmet
rElec    .         Harm     .   f - +0 cloak
rCorr    .         Rampage  .   (no gloves)
Will     +....                  (no boots)
Stlth    ..........             (no amulet)
HPRegen  0.00/turn              (no ring)
MPRegen  0.11/turn              g - ring of willpower

@: attractive, very slightly contaminated, invisible
A: claws 1, cold resistance 1, negative energy resistance 3, inhibited
regeneration, torment resistance, unbreathing
a: Renounce Religion, Curse Item, Scrying


You were on level 7 of the Dungeon.
You worshipped Ashenzari.
Ashenzari was aware of your devotion.
You visited 2 branches of the dungeon, and saw 8 of its levels.

You collected 427 gold pieces.

Inventory:

Hand Weapons
 a - a +2 long sword (weapon)
 B - a +0 great sword
Missiles
 d - 3 throwing nets (quivered)
Armour
 b - a +0 buckler (worn)
 c - a +0 helmet (worn)
 f - a +0 cloak (worn)
 y - the cursed +0 plate armour of Disappointment (worn) {rC+ Dex+2}
   (You found it on level 6 of the Dungeon)

   It affects your dexterity (+2).
   It protects you from cold.
   It has a curse placed upon it.
Jewellery
 g - a ring of willpower (right claw)
Wands
 q - a wand of iceblast (6)
Scrolls
 e - 5 scrolls of teleportation
 i - 3 scrolls of blinking
 k - 2 scrolls of enchant armour
 m - 2 scrolls of remove curse
 n - a scroll of immolation {unknown}
 t - a scroll of acquirement {unknown}
 v - a scroll of magic mapping {unknown}
 A - a scroll of random uselessness {unknown}
Potions
 j - a potion of resistance {unknown}
 p - a potion of mutation {unknown}
 r - a potion of haste {unknown}
 s - a potion of lignification {unknown}
 u - a potion of might {unknown}
 x - a potion of cancellation
 z - a potion of brilliance {unknown}


   Skills:
 + Level 5.8 Fighting
 * Level 7.0 Long Blades
 - Level 1.7 Throwing
 * Level 6.4 Armour
 + Level 5.1 Dodging


You had 8 spell levels left.
You didn't know any spells.
Your spell library contained the following spells:

 Spells                   Type           Power        Failure   Level
 Corona                   Hex            0%           100%        1
 Sting                    Tmut/Pois      0%           100%        1
 Slow                     Hex            0%           100%        2
 Inner Flame              Hex/Fire       0%           100%        3
 Portal Projectile        Hex/Tloc       0%           100%        3
 Cause Fear               Hex            0%           100%        4
 Leda's Liquefaction      Hex/Erth       0%           100%        4


Dungeon Overview and Level Annotations

Branches:
Dungeon (7/15)             Temple (1/1) D:4

Altars:
Ashenzari
Cheibriados
Dithmenos
Elyvilon
Fedhas
Gozag
Hepliaklqana
Kikubaaqudgha
Makhleb
Nemelex Xobeh
Okawaru
Qazlal
Ru
Sif Muna
Trog
Uskayaw
Vehumet
Wu Jian
Xom
Yredelemnul
Zin
The Shining One

Shops:
D:4 *

Annotations:
D:7 Pikel


Innate Abilities, Weirdness & Mutations

You thrive by killing the living.
You are immune to poison.
You have sharp fingernails.
Your flesh is cold resistant. (rC+)
You are immune to negative energy. (rN+++)
You do not regenerate when monsters are visible.
You are immune to unholy pain and torment.
You can survive without breathing.


Message History

A lemure comes into view.
You hear a shout!
Found an uncursed short sword.
Pikel shouts!
The lemure shouts! x2
The lemure barely misses you.
A lemure comes into view.
Found 17 gold pieces.
The lemure shouts! x2
The lemure shouts!
The lemure shouts!
The lemure shouts!
You see here 17 gold pieces.
You now have 427 gold pieces (gained 17).
An ogre comes into view. It is wielding a +0 giant spiked club.
The ogre shouts!
Found 6 poisoned darts.
It was a potion of attraction.
You feel attractive to monsters. The lemure hits you!
You die...

......<..## .# #.#.#.#.## ..
........... .........# ..
#.........# #.#.#.#.## .
#.........# .........# ..#
......... #.#.#.#.## (.O#####
..... # ..........
.......#####'#####
##########..########..5O.........
#.....@5..K5.5.........
####################### # # # #


You could see Pikel, an ogre and 4 lemures.

Vanquished Creatures
  The ghost of Jaiteiro the Shield-Bearer, a novice FoFi (D:4)
  Grinder (D:5)
  Menkaure (D:7)
  An ice beast (D:6)
  A sky beast (D:7)
  4 ogres
  A necrophage (D:4)
  2 phantoms
  A big kobold (D:7)
  A bullfrog (D:3)
  2 scorpions
  A howler monkey (D:7)
  3 jellies
  2 hounds (D:7)
  A centaur skeleton (D:4)
  2 orc wizards (D:4)
  A bullfrog skeleton (D:4)
  An iguana (D:5)
  2 worker ants
  2 hound zombies
  12 adders
  A howler monkey skeleton (D:4)
  A white imp (D:7)
  2 ufetubi
  An ooze (D:2)
  2 adder zombies
  2 worms
  2 dart slugs
  5 leopard geckos
  2 orcs
  6 bats
  4 giant cockroaches
  15 goblins
  10 hobgoblins
  7 jackals
  3 quokkas
  5 frilled lizards
  A jackal skeleton (D:6)
  A jackal zombie (D:6)
  12 kobolds
  2 quokka skeletons (D:4)
  8 rats
135 creatures vanquished.

Notes
Turn   | Place    | Note
-------+----------+-------------------------------------------
     0 | D:1      | Borgoz the Ghoul Gladiator began the quest for the Orb.
     0 | D:1      | Reached XP level 1. HP: 17/17 MP: 0/0
    85 | D:1      | Reached XP level 2. HP: 21/24 MP: 1/1
   219 | D:1      | Reached skill level 3 in Long Blades
   345 | D:1      | Reached skill level 1 in Armour
   546 | D:2      | Reached XP level 3. HP: 30/30 MP: 2/2
   761 | D:2      | Reached XP level 4. HP: 18/37 MP: 3/3
   918 | D:2      | Found a radiant altar of Vehumet.
   970 | D:2      | Noticed an ogre
   985 | D:2      | Killed an ogre
   986 | D:2      | Reached XP level 5. HP: 9/45 MP: 4/4
  1468 | D:2      | Found a sacrificial altar of Ru.
  1870 | D:3      | Reached skill level 4 in Long Blades
  1870 | D:3      | Reached XP level 6. HP: 45/51 MP: 5/5
  1919 | D:3      | Found a stormy altar of Qazlal.
  1921 | D:3      | Noticed a fire elemental
  1921 | D:3      | Noticed an air elemental
  1921 | D:3      | Noticed a water elemental
  2404 | D:4      | Found Zin's Purification Station.
  2411 | D:4      | Found a glowing silver altar of Zin.
  2475 | D:4      | Noticed a phantom
  2495 | D:4      | Killed a phantom
  2753 | D:4      | Found a staircase to the Ecumenical Temple.
  2773 | Temple   | Entered the Ecumenical Temple
  2865 | Temple   | Became a worshipper of Ashenzari the Shackled
  3064 | D:4      | Found a shimmering blue altar of Sif Muna.
  3073 | D:4      | Reached XP level 7. HP: 58/58 MP: 6/6
  3078 | D:4      | Identified Sif Muna's Collected Works on Moulding
  3198 | D:4      | Found a transporter.
  3198 | D:4      | Noticed Jaiteiro's ghost (novice FoFi)
  3244 | D:4      | Found a transporter.
  3585 | D:5      | Entered Level 5 of the Dungeon
  3597 | D:5      | Found a broken altar of Ashenzari.
  3757 | D:5      | Reached skill level 5 in Long Blades
  3858 | D:5      | Found a shadowy altar of Dithmenos.
  3953 | D:5      | Noticed Grinder
  3967 | D:5      | Killed Grinder
  3968 | D:5      | Reached XP level 8. HP: 60/67 MP: 7/7
  4306 | D:4      | Killed Jaiteiro's ghost
  4307 | D:4      | Reached skill level 5 in Fighting
  4307 | D:4      | Reached skill level 6 in Long Blades
  4307 | D:4      | Reached skill level 5 in Armour
  5104 | D:6      | Reached * piety under Ashenzari
  5151 | D:6      | Got the cursed plate armour of Disappointment {rC+ Dex+2}
  5162 | D:6      | Identified the cursed +0 plate armour of Disappointment
                  | {rC+ Dex+2} (You found it on level 6 of the Dungeon)
  5233 | D:6      | Found a snail-covered altar of Cheibriados.
  5382 | D:6      | Reached XP level 9. HP: 63/74 MP: 8/8
  5663 | D:7      | Reached skill level 5 in Dodging
  5790 | D:7      | Noticed Menkaure
  5796 | D:7      | Killed Menkaure
  5797 | D:7      | Reached skill level 7 in Long Blades
  5805 | D:7      | Noticed a cyclops
  5822 | D:7      | Noticed Pikel
  5845 | D:7      | Slain by a lemure

Illustrated notes

Levels and vault maps discovered:
D:1:      amcnicky_arrival_wind_blow, layout_rooms, bh_walls_and_bars
D:2:      layout_rooms, hangedman_ru_absence, marbit_many_paths, serial_rivers,
          chequers_serial_rivers_room_a, chequers_serial_rivers_micro_c,
          chequers_serial_rivers_large_a, chequers_serial_rivers_room_a,
          chequers_serial_rivers_micro_e, chequers_serial_rivers_small_b
D:3:      layout_basic, nicolae_qazlal_style_of_elements
D:4:      layout_loops_corners, led_sif_book, zin_purify,
          minmay_temple_entry_sparse_star, gammafunk_ghost_mausoleum,
          minmay_ogre_servants
D:5:      layout_rooms, nicolae_dithmenos_through_a_glass_darkly,
          chequers_mini_garden, cheibrodos_ashenzari_chains, uniq_grinder
D:6:      layout_loops_ring, cheibrodos_worm_habitat, serial_glass,
          glass_columns_a, glass_columns_a, glass_columns_a, glass_columns_b,
          glass_columns_a, glass_columns_b, glass_columns_c, glass_columns_b,
          kennysheep_generic_room_5
D:7:      minmay_the_grid_plus_closed [minmay_the_grid_all_tris,
          minmay_the_grid_spin_star, minmay_the_grid_embedded,
          minmay_the_grid_empty, minmay_the_grid_prize_four_corners_diamond_b],
          layout_rooms, st_stairs_9, uniq_pikel, uniq_menkaure
Temple:   eino_wide_crystal_templ

Skill      XL: |  1  2  3  4  5  6  7  8  9 |
---------------+----------------------------+-----
Long Blades    | 3 4 5 6 7 |  7.0
Armour         | 1 2 3 4 5 6 |  6.4
Dodging        | 3 4 5 |  5.1
Fighting       | 3 4 5 |  5.8
Throwing       | |  1.7

Action                   |  1- 3 |  4- 6 |  7- 9 || total
-------------------------+-------+-------+-------++-------
Melee: Long sword        |    79 |   136 |   292 ||   507
Throw: Throwing net      |       |     3 |       ||     3
Evoke: Wand              |       |     2 |       ||     2
  Use: Scroll            |       |     9 |     5 ||    14
       Potion            |       |       |     7 ||     7
 Stab: Distracted        |     1 |       |       ||     1
Armor: Leather armour    |    27 |    18 |       ||    45
       Ring mail         |       |    32 |    21 ||    53
       Scale mail        |       |       |    57 ||    57
       Plate armour      |       |       |   131 ||   131
Dodge: Dodged            |    72 |   121 |   134 ||   327
Block: Buckler           |       |     2 |    41 ||    43
       Rpst.: Long sword |    30 |    31 |    44 ||   105
